 Dungeon Crawl Stone Soup version 0.31-a0-795-g5eb97db20b (webtiles) character file.

Game seed: 11717329367622695979

3241 demibob the Spear-Bearer (level 9, -5/57 HPs)
             Began as a Merfolk Chaos Knight on Sept 18, 2023.
             Was a Plaything of Xom.
             Slain by a shadow (30 damage)
             ... on level 8 of the Dungeon.
             The game lasted 00:10:53 (6229 turns).

demibob the Spear-Bearer (Merfolk Chaos Knight)     Turns: 6229, Time: 00:10:56

Health: -5/57      AC: 12    Str: 13    XL:     9   Next: 99%
Magic:  9/9        EV: 19    Int: 11    God:    Xom [...*..]
Gold:   351        SH:  5    Dex: 17    Spells: 8/8 levels left

rFire   . . .        a - +0 halberd
rCold   . . .        (shield currently unavailable)
rNeg    . . .        y - +0 steam dragon scales
rPois   .            (helmet restricted)
rElec   .            (no cloak)
rCorr   .            i - +2 pair of gloves
SInv    .            (no boots)
Will    .....        c - amulet of reflection
Stlth   ++           (no ring)
HPRegen 0.29/turn    (no ring)
MPRegen 0.11/turn

%: reflection
@: mighty, marked
A: (nimble swimmer 2), mertail, antennae 1, iridescent scales 2, frail 1,
inability to drink after injury 1
a: Renounce Religion


You were on level 8 of the Dungeon.
You worshipped Xom.
You were a favourite toy of Xom.
You visited 1 branch of the dungeon, and saw 8 of its levels.

You collected 351 gold pieces.


Innate Abilities, Weirdness & Mutations

((You are very nimble when in or above water. (Stealth+, EV+, Speed+++)))
Your lower body shifts to a powerful aquatic tail in water.
You have a pair of small antennae on your head.
You are mostly covered in iridescent scales. (AC +4)
You are frail. (-10% HP)
You occasionally lose the ability to drink potions when taking damage.


   Skills:
 - Level 3.2 Fighting
 + Level 13.9 Polearms
 - Level 0.6 Armour
 + Level 11.8 Dodging


You had 8 spell levels left.
You didn't know any spells.
Your spell library contained the following spells:

 Spells                   Type           Power      Damage    Failure   Level
 Foxfire                  Conj/Fire      0%         2x1d4     34%         1
 Freeze                   Ice            0%         1d3       34%         1
 Slow                     Hex            0%         N/A       34%         1
 Sting                    Tmut/Pois      0%         1d3       34%         1
 Wereblood                Tmut           0%         N/A       47%         2
 Call Canine Familiar     Summ           0%         N/A       71%         3
 Frozen Ramparts          Ice            0%         1d1       71%         3
 Hailstorm                Conj/Ice       0%         3d3       71%         3
 Sigil of Binding         Hex            0%         N/A       71%         3
 Animate Armour           Summ/Erth      0%         N/A       98%         4
 Dimensional Bullseye     Hex/Tloc       0%         N/A       98%         4
 Leda's Liquefaction      Hex/Erth       0%         N/A       98%         4
 Irradiate                Conj/Tmut      0%         3d11      100%        5
 Plasma Beam              Fire/Air       0%         2x1d10    100%        6
 Starburst                Conj/Fire      0%         6d3       100%        6
 Lehudib's Crystal Spear  Conj/Erth      0%         10d2      100%        8

Inventory:

Hand Weapons
 a - a +0 halberd (weapon)
 j - a +1 spear of chaos
Armour
 i - a +2 pair of gloves (worn)
 y - +0 steam dragon scales (worn)
Jewellery
 c - an amulet of reflection (around neck)
Wands
 m - a wand of polymorph (14)
 x - a wand of flame (19)
Scrolls
 d - a scroll of enchant weapon
 e - 5 scrolls of teleportation {@r2}
 f - 3 scrolls of identify {@r1}
 h - 3 scrolls of immolation
 p - a scroll of blinking
 q - 3 scrolls of butterflies
 r - 3 scrolls of noise
 u - a scroll of fear
 w - a scroll of fog
Potions
 g - 2 potions of enlightenment
 k - a potion of invisibility
 n - 2 potions of resistance
 t - a potion of cancellation
 v - a potion of curing {@q1}

Dungeon Overview and Level Annotations

Branches:
Dungeon (8/15)             Temple (0/1) D:6            Lair (0/5) D:8

Altars:
Dithmenos
Ru
Sif Muna
Uskayaw
Xom

Annotations:
D:7 1 runed translucent door, Wurlitzer's ghost, novice MiFi *, ,,,>,,* ,,,, ,, ,* ** *,,, ,, #§*,*,*, , , * ** *,,.§....#§░ ,,,,, ,*, ,,,, * ,.§§...§§░****,░* *** * .§§§..#§░,,* §░░,,** ,, , .§§§§.#§▓, *ccO*

, ,,* * , ,§§§§§#§▓
*T§▒,,*** ** **
#§§§§▒▒.$▒ *,, *, *,*
###§§@{W▒* *, ,,*
##§§§§▓▒.§▒**,,**,*,,
##§§§§§░ §§▒ * *,
#§§§§§§▒{,*§§§*
,*,**, ,
#§§§§§§▒,,**§░▒, * ,*
, ####§§§§§§▒▓░▒▒.▒▓*
* ** *
#..§§§§§§§........,
,,,
#$##§§§§§§.......#*,,
** #,*##.....<.......
* *, , *


You could see a two-headed ogre (fleeing, poisoned), a troll (fleeing), a wraith
and 2 centaurs.


Message History

You barely miss the troll. You barely miss the troll.
The troll bites you but does no damage. You block the troll's attack.
The troll claws you but does no damage.
A two-headed ogre comes into view.
It is wielding two +0 giant spiked clubs.
You completely miss the troll. You block the troll's attack.
The troll completely misses you. x2
The air fills with toxic fumes!
As you read the scroll of poison, it crumbles to dust. "Go forth and cause havoc, mortal!"
You feel mightier all of a sudden. The troll closely misses you.
The troll claws you.
* * * LOW HITPOINT WARNING * * *
The troll claws you.
* * * LOW HITPOINT WARNING * * *
As you read the scroll of fear, it crumbles to dust.
You assume a fearsome visage.
The centaur looks frightened! x2
The troll looks frightened!
The wraith is unaffected.
The tengu conjurer looks frightened!
The two-headed ogre looks frightened!
The tengu conjurer gestures wildly while chanting.
The tengu conjurer blinks!
You feel better.
The centaur screams, "Help!"
The centaur is poisoned.
The centaur prays for help.
The two-headed ogre is engulfed in poison gas.
The two-headed ogre is poisoned.
The shadow strikes at you from the darkness!
Ouch! That really hurt!
You die...
Xom titters!

Skill      XL: |  1  2  3  4  5  6  7  8  9 |
---------------+----------------------------+-----
Polearms       | 5 7 8 9 10 12 13 | 13.9
Dodging        | 3 4 6 9 11 | 11.8
Fighting       | |  3.2
Armour         | |  0.6

Action                     |  1- 3 |  4- 6 |  7- 9 || total
---------------------------+-------+-------+-------++-------
  Melee: Spear             |   142 |   114 |       ||   256
         Halberd           |       |    70 |   320 ||   390
  Evoke: Wand              |       |       |     7 ||     7
    Use: Scroll            |     7 |     3 |     9 ||    19
         Potion            |     2 |     3 |     2 ||     7
   Stab: Invisible         |     6 |       |       ||     6
         Sleeping          |     3 |     6 |     2 ||    11
         Paralysed         |     1 |       |    15 ||    16
         Petrifying        |       |       |     2 ||     2
 Armour: Leather armour    |    50 |    83 |   110 ||   243
         Steam dragon scal |       |       |    12 ||    12
  Dodge: Dodged            |    61 |    70 |   192 ||   323
  Block: Other             |       |    21 |    67 ||    88
         Reflection        |       |     1 |     6 ||     7

Levels and vault maps discovered:
D:1:      onia_arrival_mini_spirals, layout_rooms
D:2:      layout_basic, minmay_distorted
D:3:      layout_loops_ring, minmay_misc_feat_roman, minmay_misc_feat_rugged
D:4:      layout_loops_ring, gammafunk_temple_overflow_elements,
          mainiacjoe_overflow_surrounded_room
D:5:      layout_loops_ring, serial_demonic, serial_demonic_c, serial_demonic_e,
          serial_demonic_a, serial_demonic_b, serial_demonic_e, serial_demonic_a
D:6:      layout_rooms, minmay_temple_entry_statues_fountains, uniq_sigmund
D:7:      layout_basic, mainiacjoe_overflow_catwalk, ebering_ghost_xom,
          solitary_fountain, minmay_misc_feat_five, minmay_misc_feat_iff,
          uniq_joseph, uniq_duvessa, uniq_pikel
D:8:      layout_rooms, minitemple, lair_entry_dummy, minmay_the_grid_2x2
          [minmay_the_grid_aliased_spiral, minmay_the_grid_box_x,
          minmay_the_grid_minigrid_small,
          minmay_the_grid_prize_four_corners_diamond_a], uniq_jeremiah

Notes
Turn   | Place    | Note
-------+----------+-------------------------------------------
     0 | D:1      | demibob the Merfolk Chaos Knight began the quest for the
                  | Orb.
     0 | D:1      | Reached XP level 1. HP: 18/18 MP: 1/1
    78 | D:1      | Reached XP level 2. HP: 24/24 MP: 2/2
    82 | D:1      | XOM: silly message
   125 | D:1      | Reached skill level 5 in Polearms
   156 | D:1      | Got a blackened book
   285 | D:1      | XOM: noise
   287 | D:1      | Reached XP level 3. HP: 29/29 MP: 3/3
   708 | D:2      | XOM: torment (16/29 hp)
   802 | D:2      | XOM: summons 1 hostile shadow creature
   847 | D:2      | a quokka changed into a glowing shapeshifter
   847 | D:2      | Noticed a glowing shapeshifter (glowing shapeshifter)
   847 | D:2      | a glowing shapeshifter changed into an eye of devastation
   847 | D:2      | Noticed an eye of devastation (glowing shapeshifter)
   850 | D:2      | XOM: divination: detect creatures
   854 | D:2      | an eye of devastation changed into something unseen
   862 | D:2      | Noticed a raiju
   864 | D:2      | a raiju changed into a cane toad
   864 | D:2      | Noticed a cane toad (glowing shapeshifter)
   869 | D:2      | XOM: potion effect (invisibility)
   877 | D:2      | XOM: butterfly on damage
   880 | D:2      | XOM: confuse monster(s)
   880 | D:2      | a cane toad changed into a queen bee
   880 | D:2      | Noticed a queen bee (glowing shapeshifter)
   882 | D:2      | a queen bee changed into a cane toad
   882 | D:2      | Noticed a cane toad (glowing shapeshifter)
   883 | D:2      | XOM: cleaving
   884 | D:2      | a cane toad changed into a komodo dragon
   884 | D:2      | Noticed a komodo dragon (glowing shapeshifter)
   889 | D:2      | a komodo dragon changed into a culicivora
   889 | D:2      | Noticed a culicivora (glowing shapeshifter)
   892 | D:2      | a culicivora changed into a queen bee
   892 | D:2      | Noticed a queen bee (glowing shapeshifter)
   895 | D:2      | a queen bee changed into a meliai
   895 | D:2      | Noticed a meliai (glowing shapeshifter)
   902 | D:2      | a meliai changed into a rime drake
   902 | D:2      | Noticed a rime drake (glowing shapeshifter)
   903 | D:2      | a rime drake changed into a tengu
   903 | D:2      | Noticed a tengu (glowing shapeshifter)
   905 | D:2      | a tengu changed into a centaur
   905 | D:2      | Noticed a centaur (glowing shapeshifter)
   906 | D:2      | Killed a centaur
   907 | D:2      | Reached skill level 7 in Polearms
   907 | D:2      | Reached XP level 4. HP: 21/35 MP: 4/4
  1008 | D:2      | Reached XP level 5. HP: 40/41 MP: 5/5
  1032 | D:2      | XOM: scenery: create altars
  1116 | D:2      | XOM: potion effect (attraction)
  1123 | D:2      | Identified a potion of resistance
  1466 | D:2      | Reached skill level 8 in Polearms
  2412 | D:3      | XOM: scenery: summon butterflies
  2454 | D:2      | XOM: god gift: book of Frost
  2530 | D:4      | Found a sacrificial altar of Ru.
  2530 | D:4      | Found a hide-covered altar of Uskayaw.
  2643 | D:4      | Found a shimmering blue altar of Sif Muna.
  2649 | D:4      | Reached skill level 3 in Dodging
  2673 | D:4      | XOM: scenery: summon butterflies
  2689 | D:4      | XOM: polymorph butterfly -> gnoll
  2780 | D:4      | Noticed a centaur
  2783 | D:4      | XOM: scenery: summon butterflies
  2785 | D:4      | Killed a centaur
  2786 | D:4      | Reached XP level 6. HP: 47/47 MP: 6/6
  2794 | D:4      | Reached skill level 4 in Dodging
  2806 | D:4      | Got a worn book
  2872 | D:4      | Noticed a black bear
  2890 | D:4      | Killed a black bear
  2891 | D:4      | Reached skill level 9 in Polearms
  2891 | D:4      | Reached XP level 7. HP: 7/52 MP: 7/7
  3292 | D:4      | XOM: scenery: create altars
  3326 | D:5      | XOM: stealth player
  3326 | D:5      | Entered Level 5 of the Dungeon
  3372 | D:5      | Reached skill level 5 in Dodging
  3425 | D:5      | XOM: cloud trail
  3462 | D:5      | XOM: polymorph white imp -> crimson imp
  3636 | D:5      | XOM: scenery: create altars
  3639 | D:5      | XOM: divination: detect creatures
  3642 | D:5      | XOM: cast spell 'Summon Ice Beast'
  3652 | D:5      | Reached skill level 6 in Dodging
  3728 | D:5      | XOM: noise
  3808 | D:5      | Identified the +9 falchion of demibob's Woe {heavy, Str+3}
  3835 | D:5      | Reached skill level 10 in Polearms
  4078 | D:5      | XOM: god gift: scroll labelled OBANKE NIARRARCH {god gift}
  4113 | D:5      | Reached XP level 8. HP: 46/58 MP: 8/8
  4157 | D:5      | XOM: give mutations
  4157 | D:5      | Gained mutation: You are agile. (Dex +4, Str/Int -1) [Xom's
                  | mischief]
  4157 | D:5      | Gained mutation: Your system is resistant to poisons.
                  | (rPois) [Xom's mischief]
  4157 | D:5      | Gained mutation: You are frail. (-10% HP) [Xom's mischief]
  4157 | D:5      | Gained mutation: You are partially covered in iridescent
                  | scales. (AC +2) [Xom's mischief]
  4252 | D:5      | Reached skill level 7 in Dodging
  4339 | D:5      | XOM: give mutations
  4339 | D:5      | Gained mutation: You are mostly covered in iridescent
                  | scales. (AC +4) [Xom's grace]
  4339 | D:5      | Gained mutation: You have a pair of small antennae on your
                  | head. [Xom's grace]
  4371 | D:6      | Found a staircase to the Ecumenical Temple.
  4377 | D:6      | XOM: 1-stop teleportation journey
  4475 | D:6      | Noticed Sigmund
  4484 | D:6      | Killed Sigmund
  4485 | D:6      | Reached skill level 11 in Polearms
  4485 | D:6      | Reached skill level 8 in Dodging
  4573 | D:6      | XOM: scenery: summon butterflies
  4575 | D:6      | XOM: summons friendly shadow imp
  4684 | D:6      | XOM: destruction
  4687 | D:6      | XOM: 2-stop teleportation journey
  4815 | D:6      | Reached skill level 9 in Dodging
  4925 | D:6      | XOM: confuse monster(s)
  4975 | D:6      | XOM: cloud trail
  4984 | D:6      | XOM: summons 8 friendly demons
  4992 | D:6      | Reached skill level 12 in Polearms
  4992 | D:6      | Reached XP level 9. HP: 57/57 MP: 9/9
  5138 | D:7      | XOM: cloud trail
  5273 | D:7      | XOM: 1-stop teleportation journey
  5293 | D:7      | XOM: summons 1 hostile demon
  5343 | D:7      | Noticed Joseph
  5359 | D:7      | XOM: enchant monster (good)
  5362 | D:7      | Killed Joseph
  5363 | D:7      | Reached skill level 10 in Dodging
  5481 | D:7      | Found a shadowy altar of Dithmenos.
  5481 | D:7      | Noticed Duvessa
  5481 | D:7      | Noticed Dowan
  5481 | D:7      | XOM: 4-stop teleportation journey
  5496 | D:7      | Killed Duvessa
  5498 | D:7      | Killed Dowan
  5521 | D:7      | Noticed Pikel
  5560 | D:7      | Killed Pikel
  5561 | D:7      | Reached skill level 13 in Polearms
  5561 | D:7      | Reached skill level 11 in Dodging
  5579 | D:7      | XOM: give mutations
  5579 | D:7      | Gained mutation: You occasionally lose the ability to drink
                  | potions when taking damage. [Xom's mischief]
  5579 | D:7      | Lost mutation: Your system is resistant to poisons. (rPois)
                  | [Xom's mischief]
  5579 | D:7      | Lost mutation: You are agile. (Dex +4, Str/Int -1) [Xom's
                  | mischief]
  5665 | D:7      | Found a runed translucent door.
  5665 | D:7      | Found a shimmering altar of Xom.
  5665 | D:7      | Noticed Wurlitzer's ghost (novice MiFi)
  5665 | D:7      | Noticed a +1 long sword of chaos
  5688 | D:7      | XOM: 3-stop teleportation journey
  5749 | D:7      | XOM: god gift: scroll of fear
  5818 | D:7      | XOM: 2-stop teleportation journey
  6183 | D:8      | XOM: cast spell 'Dispersal'
  6201 | D:8      | Noticed Jeremiah
  6209 | D:8      | Found a staircase to the Lair.
  6213 | D:8      | XOM: confuse monster(s)
  6216 | D:8      | XOM: divination: magic mapping
  6219 | D:8      | Noticed a troll
  6222 | D:8      | Noticed a tengu conjurer
  6223 | D:8      | Killed Jeremiah
  6225 | D:8      | Noticed a two-headed ogre
  6227 | D:8      | XOM: potion effect (might)
  6229 | D:8      | Slain by a shadow

Vanquished Creatures
  Pikel (D:7)
  Joseph (D:7)
  Jeremiah (D:8)
  Sigmund (D:6)
  A steam dragon (D:7)
  A water moccasin (D:6)
  Duvessa (D:7)
  A black bear (D:4)
  An ice beast (D:5)
  3 centaurs
  A centaur (shapeshifter) (D:2)
  2 bullfrogs
  2 scorpions
  4 wights (D:6)
  Dowan (D:7)
  A crimson imp (D:5)
  A quasit (D:5)
  2 jellies
  An orc priest (D:6)
  A gnoll bouda (D:5)
  2 hounds
  2 sleepcaps
  An iguana (D:5)
  An orc wizard (D:6)
  4 adders
  6 gnolls
  3 shadow imps (D:5)
  3 white imps (D:5)
  3 ufetubi
  A worm (D:5)
  4 dart slugs
  15 orcs
  4 ball pythons (D:2)
  9 bats
  10 endoplasms
  5 giant cockroaches
  13 goblins
  10 hobgoblins
  2 jackals (D:4)
  5 quokkas
  7 frilled lizards
  3 kobolds
  3 rats
144 creatures vanquished.

Vanquished Creatures (collateral kills)
  A phantom (D:5)
  A wight (D:6)
  3 gnolls (D:5)
5 creatures vanquished.

Grand Total: 149 creatures vanquished

Table legend: (Time is in decaauts)
 A = Elapsed time spent in this place.
 B = Non-inter-level travel time spent in this place.
 C = Inter-level travel time spent in this place.
 D = Time resting spent in this place.
 E = Time spent auto-exploring this place.
 F = Levels seen in this place.
 G = Mean time per level.
                   A        B        C        D        E       F      G
               +--------+--------+--------+--------+--------+-----+--------+
         Total |   6158 |   5903 |    255 |    268 |   4491 |   8 |  769.8 |
       Dungeon |   6158 |   5903 |    255 |    268 |   4491 |   8 |  769.8 |
               +--------+--------+--------+--------+--------+-----+--------+

Top non-repeatable levels by time:
     D:2: 1185 daAuts
     D:7: 1134 daAuts
     D:5: 1046 daAuts
     D:4: 843 daAuts
     D:6: 658 daAuts
     D:1: 629 daAuts
     D:3: 616 daAuts
     D:8: 45 daAuts

Table legend:
 A = Non-vault XP
 B = Vault XP
 C = Vault XP percentage of total XP
 D = Non-vault monster count
 E = Vault monster count
 F = Vault count percentage of total count
                 A         B        C        D         E       F
            +---------+---------+-------+---------+---------+-------
      Total |    2551 |    2079 |  44.9 |     133 |      16 |  10.7
            +---------+---------+-------+---------+---------+-------
        D:1 |      38 |       0 |   0.0 |      21 |       0 |   0.0
        D:2 |     103 |     108 |  51.2 |      30 |       2 |   6.2
        D:3 |      20 |       0 |   0.0 |      12 |       0 |   0.0
        D:4 |     356 |       0 |   0.0 |      21 |       0 |   0.0
        D:5 |     537 |     114 |  17.5 |      16 |       8 |  33.3
        D:6 |     847 |     231 |  21.4 |      20 |       1 |   4.8
        D:7 |     538 |    1278 |  70.4 |      12 |       4 |  25.0
        D:8 |     112 |     348 |  75.7 |       1 |       1 |  50.0
            +---------+---------+-------+---------+---------+-------
